 Dungeon Crawl Stone Soup version 0.18.1-50-g88ac8fd (webtiles) character file.

214 Amnesiac the Charlatan (level 5, 0/42 HPs)
             Began as a Deep Elf Artificer on Feb 28, 2018.
             Slain by an iguana (5 damage)
             ... on level 4 of the Dungeon.
             The game lasted 00:03:47 (1864 turns).

Amnesiac the Charlatan (Deep Elf Artificer)         Turns: 1864, Time: 00:03:48

Health: 0/42       AC: 22    Str:  9    XL:     5   Next: 60%
Magic:  11/11      EV:  2    Int: 17    God:
Gold:   75         SH:  0    Dex: 15    Spells: 0 memorised, 4 levels left

rFire  . . .     SeeInvis .     b - +0 hunting sling
rCold  . . .     Gourm    .     (armour currently unavailable)
rNeg   + + +     Faith    .     (no shield)
rPois  +         Spirit   .     (helmet currently unavailable)
rElec  .         Dismiss  .     (cloak currently unavailable)
rCorr  .         Reflect  .     (gloves currently unavailable)
SustAt .         Harm     .     (boots currently unavailable)
MR     +....     NoTele   +     (no amulet)
Stlth  +++.......               (no ring)
                                u - ring of protection from magic

@: tree-form, somewhat resistant to hostile enchantments, fairly stealthy
A: no striking features
a: no special abilities


You were on level 4 of the Dungeon.
You were not hungry.
You were a tree.
You visited 1 branch of the dungeon, and saw 4 of its levels.

You collected 75 gold pieces.

Inventory:

Hand Weapons
 a - a +0 short sword
 b - a +0 hunting sling (weapon)
Missiles
 k - 15 poisoned needles
 m - 37 stones (quivered)
 q - a throwing net
 w - 7 sling bullets
Armour
 i - a +0 pair of gloves (melded)
 s - a +0 leather armour (melded)
Jewellery
 u - a ring of protection from magic (left branch)
Wands
 c - a wand of flame (0/48)
 d - a wand of enslavement (15/24)
 e - a wand of random effects (4/48)
Scrolls
 h - 2 scrolls of identify {!r}
 n - a scroll of teleportation {!r, unknown}
 t - a scroll of remove curse {!r, unknown}
Potions
 l - a potion of haste {!q, unknown}
 x - a potion of flight {!q}
Books
 v - a book of Conjurations

   Spells                             Type                      Level
   a - Magic Dart                     Conjuration                  1
   b - Searing Ray                    Conjuration                  2
   c - Dazzling Spray                 Conjuration/Hexes            3
   d - Fulminant Prism                Conjuration/Hexes            4
   e - Iskenderun's Mystic Blast      Conjuration                  4
   f - Iskenderun's Battlesphere      Conjuration/Charms           5
Comestibles
 f - 3 bread rations
 o - a chunk of flesh
 p - a meat ration
 r - a beef jerky


   Skills:
 - Level 0.7 Fighting
 - Level 2.0 Short Blades
 - Level 2.4 Dodging
 - Level 2.0 Stealth
 * Level 6.5 Evocations


You had 4 spell levels left.
You didn't know any spells.

Dungeon Overview and Level Annotations

Branches:
Dungeon (4/15)
 Temple: D:4-7

Altars:
Gozag
Kikubaaqudgha
Nemelex Xobeh

Shops:
D:4 *(


Message History

Firing (i - inventory. (,) - cycle):
m - 40 stones (quivered)
Press: ? - help, Shift-Dir - straight line, f/p - iguana
Aim: an iguana (lightly wounded)
You shoot a stone.
The stone hits the iguana but does no damage.
The iguana is lightly wounded.
Firing (i - inventory. (,) - cycle):
m - 39 stones (quivered)
Press: ? - help, Shift-Dir - straight line, f/p - iguana
Aim: an iguana (lightly wounded)
You shoot a stone. The stone closely misses the iguana.
Firing (i - inventory. (,) - cycle):
m - 38 stones (quivered)
Press: ? - help, Shift-Dir - straight line, f/p - iguana
Aim: an iguana (lightly wounded)
You shoot a stone.
The stone hits the iguana but does no damage.
The iguana is lightly wounded.
Evoke which item? (* to show all) (? for menu, Esc to quit)
Zapping:
e - a wand of random effects (8/48)
Press: ? - help, Shift-Dir - straight line, f/p - iguana
Aim: an iguana (lightly wounded) Nothing appears to happen.
This wand has 7 charges left.
Evoke which item? (* to show all) (? for menu, Esc to quit)
Zapping:
e - a wand of random effects (7/48)
Press: ? - help, Shift-Dir - straight line, f/p - iguana
Aim: an iguana (lightly wounded)
The iguana seems to speed up.
This wand has 6 charges left.
The iguana barely misses you.
Evoke which item? (* to show all) (? for menu, Esc to quit)
Zapping:
e - a wand of random effects (6/48)
Press: ? - help, Shift-Dir - straight line, f/p - iguana
Aim: an iguana (lightly wounded, fast)
The iguana flickers and vanishes!
Deactivating autopickup; reactivate with Ctrl-A.
This wand has 5 charges left.
Something bites you!
Evoke which item? (* to show all) (? for menu, Esc to quit)
Zapping:
e - a wand of random effects (5/48)
Press: ? - help, Shift-Dir - straight line You hear a mighty clap of thunder!
This wand has 4 charges left.
Something bites you. Something bites you!
* * * LOW HITPOINT WARNING * * *
Drink which item? (? for menu, Esc to quit)
Really quaff
j - 2 inky potions {!q}?
It was a potion of curing {!q}.
You feel better. Something bites you but does no damage.
Read which item? (? for menu, Esc to quit)
Really read
h - 3 scrolls labeled AMYUWN URRURR {!r}?
As you read the scroll labeled AMYUWN URRURR {!r}, it crumbles to dust.
It is a scroll of identify.
Identify which item? (\ to view known items) (? for menu, Esc to quit)
x - a potion of flight {!q} Something bites you.
* * * LOW HITPOINT WARNING * * *
Something bites you.
* * * LOW HITPOINT WARNING * * *
Drink which item? (? for menu, Esc to quit)
Really quaff
j - a potion of curing {!q}?
You feel better. Something bites you!
* * * LOW HITPOINT WARNING * * *
Drink which item? (? for menu, Esc to quit)
Really quaff
g - a smoky coppery potion {!q}?
It was a potion of lignification {!q}.
You turn into a tree.
Your roots penetrate the ground.
Something bites you but does no damage. Something bites you.
You die...

#.# #.# #..... #.# #.#
#.##.. #.# #.# #.##># #.#
##.## #.##.# #.# #####...#
#.##.# #.# #.......# #.##.#
#.# #.###<..###..... #.#
####............#.. #.#
##.♣{..(..(......... #.#
##........((#...<....
#.######.......###.#.###.##.
#..............# #....##)##.
#########......###.....#.##†
#§§§≈≈#.....###..........#
#§≈§≈≈#.....# ##.....#.#.#
#≈§§.§'.###.# ##...##.#.#
#≈≈§≈§### #.######.###.#.#


There were no monsters in sight!

Vanquished Creatures
  2 orc priests (D:3)
  An orc wizard (D:3)
  A worker ant (D:4)
  3 adders
  4 gnolls (D:3)
  2 dart slugs (D:3)
  A giant gecko (D:3)
  5 orcs (D:3)
  2 bats
  2 giant cockroaches (D:4)
  A goblin (D:3)
  4 hobgoblins
  A kobold (D:3)
  3 rats (D:3)
32 creatures vanquished.

Notes
Turn   | Place    | Note
--------------------------------------------------------------
     0 | D:1      | Amnesiac the Deep Elf Artificer began the quest for the Orb.
     0 | D:1      | Reached XP level 1. HP: 11/11 MP: 5/5
   233 | D:3      | Found a sparkling altar of Nemelex Xobeh.
   250 | D:3      | Reached skill level 4 in Evocations
   250 | D:3      | Reached XP level 2. HP: 13/16 MP: 7/7
   598 | D:3      | Reached XP level 3. HP: 5/20 MP: 8/8
   599 | D:3      | Reached skill level 5 in Evocations
   615 | D:3      | Found an ancient bone altar of Kikubaaqudgha.
   804 | D:3      | Reached XP level 4. HP: 11/24 MP: 9/9
   955 | D:3      | Reached XP level 5. HP: 9/28 MP: 11/11
   964 | D:3      | Found an opulent altar of Gozag.
  1196 | D:3      | Reached skill level 6 in Evocations
  1517 | D:4      | Found Jarhiub's Antique Weapon Boutique.
  1582 | D:4      | Found Boarefat's General Store.
  1864 | D:4      | Slain by an iguana

Skill      XL: |  1  2  3  4  5 |
---------------+----------------+-----
Evocations     | 4 5 6 |  6.5
Stealth        | 2 |  2.0
Short Blades   | 2 |  2.0
Fighting       | |  0.7
Dodging        | |  2.4

Action                   |  1- 3 |  4- 6 || total
-------------------------+-------+-------++-------
Melee: Short sword       |    53 |    28 ||    81
 Fire: Hunting sling     |       |    10 ||    10
Evoke: Wand              |     7 |    19 ||    26
  Use: Potion            |       |     3 ||     3
       Scroll            |       |     1 ||     1
 Stab: Sleeping          |     2 |     2 ||     4
  Eat: Chunk             |       |     3 ||     3
Armor: Leather armour    |    16 |     6 ||    22
       Skin              |       |     1 ||     1
Dodge: Dodged            |    39 |    12 ||    51
